 Dungeon Crawl Stone Soup version 0.32-a0-933-ga8fa3634e4 (webtiles) character file.

Game seed: 10816062869952290302

283480 bananaken the Brawler (level 20, -16/202 HPs)
             Began as a Troll Monk on Apr 14, 2024.
             Was the Champion of Cheibriados.
             Demolished by an ettin
             ... wielding a +1 dire flail of protection
              (42 damage)
             ... on level 3 of the Vaults.
             The game lasted 01:59:48 (29322 turns).

bananaken the Brawler (Troll Monk)                 Turns: 29322, Time: 01:59:49

Health: -16/202    AC: 18    Str: 40    XL:     20   Next: 12%
Magic:  28/28      EV: 14    Int: 25    God:    Cheibriados [******]
Gold:   791        SH: 36    Dex: 43    Spells: 6/19 levels left

rFire   + .          .
                       - Unarmed
rCold   . . .        B - +10 tower shield of Ignorance {rN+ Int-4}
rNeg    + . .        K - +0 shadow dragon scales
rPois   +            (helmet restricted)
rElec   +            k - +1 cloak of Gravitas {rF+ rCorr Dex+3}
rCorr   +            (gloves unavailable)
SInv    .            (boots unavailable)
Will    +....        F - amulet of Kinwecli {Regen+ Dex+6}
Stlth   ++++         l - ring of Pysef {rElec rPois rCorr}
HPRegen 2.13/turn    L - ring of Plog {Str-3 Int+6 Dex+7 Slay+6 Stlth-}
MPRegen 0.21/turn

%: no passive effects
@: about to teleport, frozen, studying Long Blades, very slow
A: large, unfitting armour, claws 3, regeneration 1, shaggy fur 1, tough skin 1
}: 1/15 runes: barnacled
a: Renounce Religion, Bend Time, Temporal Distortion, Slouch, Step From Time


You were on level 3 of the Vaults.
You worshipped Cheibriados.
Cheibriados was exalted by your worship.
You visited 6 branches of the dungeon, and saw 31 of its levels.
You also visited: Bailey, Gauntlet, Volcano and Wizlab.

You collected 4907 gold pieces.
You spent 4116 gold pieces at shops.

Inventory:

Missiles
 G - 47 large rocks (quivered)
 U - 11 throwing nets
Armour
 g - the +3 robe of Clouds {*Thunder rCloud rElec}
   (You took it off a Cloud Mage in a wizard's laboratory)

   *Thunder:  It occasionally creates storm clouds above nearby enemies.
   rCloud:    It grants its wearer immunity to clouds.
   rElec:     It insulates you from electricity.
 k - the +1 cloak of Gravitas (worn) {rF+ rCorr Dex+3}
   (You found it on level 2 of the Shoals)

   Dex+3:     It affects your dexterity (+3).
   rF+:       It protects you from fire.
   rCorr:     It protects you from acid and corrosion.
 B - the +10 tower shield of Ignorance (worn) {rN+ Int-4}
   (You found it on level 1 of the Orcish Mines)

   Int-4:     It affects your intelligence (-4).
   rN+:       It protects you from negative energy.
 K - +0 shadow dragon scales (worn)
 W - +0 fire dragon scales
Jewellery
 c - the ring of Cageupag {Fly Str+6}
   (You bought it in a shop on level 1 of the Orcish Mines)

   [ring of strength]

   Str+6:     It affects your strength (+6).
   Fly:       It grants you flight.
 l - the ring of Pysef (left claw) {rElec rPois rCorr}
   (You bought it in a shop on level 2 of the Orcish Mines)

   [ring of resist corrosion]

   rElec:     It insulates you from electricity.
   rPois:     It protects you from poison.
   rCorr:     It protects you from acid and corrosion.
 s - the ring of Trepidation {rC+ Dex+3}
   (You found it on level 4 of the Shoals)

   [ring of protection from cold]

   Dex+3:     It affects your dexterity (+3).
   rC+:       It protects you from cold.
 F - the amulet of Kinwecli (around neck) {Regen+ Dex+6}
   (You bought it in a shop on level 2 of the Elven Halls)

   [amulet of regeneration]

   Dex+6:     It affects your dexterity (+6).
   Regen+:    It increases your rate of health regeneration.
 L - the ring of Plog (right claw) {Str-3 Int+6 Dex+7 Slay+6 Stlth-}
   (You found it in a Gauntlet)

   [ring of intelligence]

   Str-3:     It affects your strength (-3).
   Int+6:     It affects your intelligence (+6).
   Dex+7:     It affects your dexterity (+7).
   Slay+6:    It affects your accuracy & damage with ranged weapons and melee
   (+6).
   Stlth-:    It makes you less stealthy.
 S - a ring of resist corrosion
 T - an amulet of the acrobat
 Z - an amulet of reflection
Wands
 j - a wand of paralysis (18)
 t - a wand of flame (18)
 C - a wand of warping (7)
 O - a wand of quicksilver (6)
 P - a wand of mindburst (4)
 V - a wand of digging (17)
 Y - a wand of polymorph (12)
Scrolls
 e - 5 scrolls of immolation
 h - 7 scrolls of fog
 m - 2 scrolls of vulnerability
 n - 2 scrolls of teleportation
 p - a scroll of blinking
 r - 4 scrolls of torment
 x - 4 scrolls of enchant armour
 y - a scroll of amnesia
 H - 3 scrolls of revelation
 I - 2 scrolls of silence
 M - 5 scrolls of poison
 R - a scroll of summoning
Potions
 a - 5 potions of resistance
 b - 2 potions of ambrosia
 d - 11 potions of curing
 i - 9 potions of mutation
 o - 3 potions of heal wounds
 q - a potion of might
 u - 5 potions of lignification
 v - 5 potions of brilliance
 w - 2 potions of cancellation
 z - 2 potions of enlightenment
 A - 3 potions of magic
 D - a potion of invisibility
 Q - 5 potions of attraction
Miscellaneous
 f - a lightning rod (4/4)
 E - a condenser vane
 J - a phantom mirror
 N - a phial of floods


   Skills:
 + Level 13.1 Fighting
 - Level 8.5 Throwing
 + Level 6.8 Armour
 - Level 6.7 Dodging
 + Level 2.4 Stealth
 + Level 13.0 Shields
 + Level 19.0 Unarmed Combat
 - Level 6.6 Necromancy
 + Level 6.2 Translocations
 + Level 3.8 Ice Magic
 - Level 4.2 Air Magic
 - Level 5.3 Earth Magic
 - Level 4.6 Alchemy
 - Level 12.0 Invocations
 - Level 4.0 Evocations


You had 6 spell levels left.
You knew the following spells:

 Your Spells              Type           Power      Damage    Failure   Level
a - Lesser Beckoning      Tloc           62%        N/A       10%         2
b - Blink                 Tloc           62%        N/A       10%         2
c - Apportation           Tloc           62%        N/A       7%          1
d - Cigotuvi's Dreadful   Necr/Alch/Air  50%        N/A       16%         2
e - Passwall              Erth           26%        N/A       28%         3
f - Frozen Ramparts       Ice            38%        1d6       45%         3

Your spell library contained the following spells:

 Spells                   Type           Power      Damage    Failure   Level
 Necrotise                Necr           100%       1d9       5%          1
 Sublimation of Blood     Necr           33%        N/A       9%          2
 Freeze                   Ice            76%        1d8       17%         1
 Fugue of the Fallen      Necr           33%        N/A       17%         3
 Vampiric Draining        Necr           33%        2d8       17%         3
 Mercury Vapours          Alch/Air       44%        N/A       21%         2
 Kiss of Death            Conj/Necr      64%        2d10      22%         1
 Sting                    Conj/Alch      44%        1d5       32%         1
 Momentum Strike          Conj/Tloc      30%        3d8       34%         2
 Swiftness                Air            21%        N/A       41%         3
 Ozocubu's Armour         Ice            19%        N/A       45%         3
 Static Discharge         Conj/Air       20%        3-4/arc   47%         2
 Ensorcelled Hibernation  Hex/Ice        18%        N/A       50%         2
 Passage of Golubria      Tloc           31%        N/A       54%         4
 Mephitic Cloud           Conj/Alch/Air  14%        N/A       58%         3
 Magic Dart               Conj           0%         1d3       63%         1
 Slow                     Hex            0%         N/A       63%         1
 Summon Small Mammal      Summ           0%         N/A       63%         1
 Stone Arrow              Conj/Erth      26%        3d8       63%         3
 Vhi's Electric Charge    Tloc/Air       52%        N/A       69%         4
 Petrify                  Alch/Erth      25%        N/A       71%         4
 Hailstorm                Conj/Ice       9%         3d6       75%         3
 Call Imp                 Summ           0%         N/A       77%         2
 Scorch                   Fire           0%         2d5       77%         2
 Searing Ray              Conj           0%         2d4       77%         2
 Airstrike                Air            10%        2d(2-18)  82%         4
 Borgnjor's Vile Clutch   Necr/Erth      15%        N/A       89%         5
 Anguish                  Hex/Necr       8%         N/A       91%         4
 Confusing Touch          Hex            0%         N/A       94%         3
 Dazzling Flash           Conj/Hex       0%         N/A       94%         3
 Inner Flame              Hex/Fire       0%         N/A       94%         3
 Tukima's Dance           Hex            0%         N/A       94%         3
 Animate Armour           Summ/Erth      26%        N/A       95%         4
 Lee's Rapid Deconstruct  Erth           13%        3d9*      95%         5
 Fulminant Prism          Conj/Alch      5%         3d7       97%         4
 Ignite Poison            Fire/Alch      11%        N/A       97%         4
 Sticky Flame             Fire/Alch      11%        2d5       97%         4
 Summon Lightning Spire   Summ/Air       10%        N/A       98%         4
 Alistair's Intoxication  Alch           15%        N/A       98%         5
 Flame Wave               Conj/Fire      0%         2d4       100%        4
 Summon Blazeheart Golem  Fire/Summ      0%         N/A       100%        4
 Arcjolt                  Conj/Air       5%         1d15      100%        5
 Freezing Cloud           Conj/Ice/Air   6%         6-21      100%        5
 Summon Forest            Summ/Tloc      7%         N/A       100%        5
 Yara's Violent Unravell  Hex/Alch       5%         3d4       100%        5
 Death Channel            Necr           16%        N/A       100%        6
 Dispersal                Tloc           15%        N/A       100%        6
 Eringya's Noxious Bog    Alch           11%        4d6       100%        6
 Starburst                Conj/Fire      0%         6d3       100%        6
 Summon Cactus Giant      Summ           0%         N/A       100%        6
 Haunt                    Necr/Summ      8%         N/A       100%        7
 Manifold Assault         Tloc           15%        N/A       100%        7
 Summon Hydra             Summ           0%         N/A       100%        7
 Infestation              Necr           16%        N/A       100%        8
 Maxwell's Capacitive Co  Air            10%        ∞         100%        8
 Death's Door             Necr           16%        N/A       100%        9


Dungeon Overview and Level Annotations

Branches:
Dungeon (14/15)            Temple (0/1) D:7            Lair (5/5) D:8
 Shoals (4/4) Lair:3       Spider (0/4) Lair:2        Slime (0/5) Lair:4
    Orc (2/2) D:9             Elf (3/3) Orc:2        Vaults (3/5) D:14
  Crypt (0/3) Vaults:2     Bailey (visited)         Volcano (visited)
 WizLab (visited)         Gauntlet (visited)

Altars:
Ashenzari
Cheibriados
Elyvilon
Kikubaaqudgha
Okawaru
Ru
Sif Muna
Trog
Uskayaw
Wu Jian
Zin
Beogh
Jiyva
Lugonu

Shops:
Orc:1 *   Orc:2 ((*!*   Elf:2 =   Elf:3 (***   Shoals:1 ***   Vaults:1 **(
Vaults:2 *

Portals:
Abyss: D:5

Annotations:
D:8 exclusion: orange crystal statue
Lair:4 2 runed translucent doors
Orc:1 exclusion: 4 orange crystal statues
Elf:2 3 runed translucent doors
Elf:3 exclusion: 2 doors


Innate Abilities, Weirdness & Mutations

You are too large for most types of armour.
You have claws for hands.
Your natural rate of healing is unusually fast.
You are covered in fur. (AC +1)
You have tough skin. (AC +1)


Message History

The ettin seems to grow stronger.
An ettin comes into view.
It is wielding a +1 dire flail of protection and a +0 dire flail.
You block the yaktaur captain's attack.
You block the ironbound convoker's attack.
You block the yaktaur captain's attack.
The ironbound frostheart calls freezing cold from the walls.
The frost grips you!!
You are encased in ice.
You block the ettin's attack.
The ettin hits you with a +0 dire flail!
Unknown command.
The ettin attacks as it pursues you! You block the ettin's attack.
The ettin hits you with a +0 dire flail!!!
You block the yaktaur captain's attack.
The ironbound convoker completely misses you.
You block the yaktaur captain's attack. You block the ettin's attack.
The ettin barely misses you.
Unknown command.
Unknown command.
You open the door.
You block the ironbound convoker's attack.
The ironbound frostheart calls freezing cold from the walls.
The frost grips you!! You block the yaktaur captain's attack.
The ettin hits you with a +1 dire flail of protection!!!
* * * LOW HITPOINT WARNING * * *
You block the ettin's attack.
Unknown command.
As you read the scroll of teleportation, it crumbles to dust.
You feel strangely unstable. The ice encasing you melts away.
You block the ironbound convoker's attack.
The ironbound frostheart calls freezing cold from the walls.
The frost grips you!!
* * * LOW HITPOINT WARNING * * *
You are encased in ice.
The yaktaur captain hits you!
* * * LOW HITPOINT WARNING * * *
The ettin hits you with a +1 dire flail of protection!!!
You die...
Cheibriados appreciates the motionlessness of death.

##++###'##########'######'#######
.................................
.................................
........................<........
.................................
.................................
..##########'###################.
..#,,...........cC..# #.
..#,,...........@pp.# #### #.
..#,,##'##+####'##..# #..### #.
..#,,#.,*,,*,,+.,*..# #....### #.
..#,,*,,*,,*,,#.,*..# #......###.
..#,,*********##+*..# #....>...#.
..#,,*,,*,,,,,*,,*..# #........'.
..#,,+,,*,,,,,*,,*..# #........#.
..#,,****,,*,,****,,* #........#.
..#,,*,,*,,,,,+,,*,,* #......###.


You could see a yaktaur captain, an ettin (strong), an ironbound frostheart and
an ironbound convoker.

Vanquished Creatures
  Mara (Shoals:4)
  Boris (twice) (Elf:3 Vaults:2)
  Zenata (Vaults:1)
  Jorgrun (Orc:2)
  A Cloud Mage (WizLab)
  2 sphinxes
  2 krakens (Shoals:3)
  A shadow dragon (Vaults:2)
  Ilsuiw (Shoals:3)
  The ghost of Leosopp the Blocker, an adept MDWn of Okawaru (Shoals:2)
  A frost giant (Shoals:4)
  3 vault wardens
  12 ironbound preservers
  5 ironbound thunderhulks
  An orc warlord (Vaults:3)
  A stone giant (Vaults:3)
  A deep elf demonologist (Elf:2)
  4 war gargoyles (Vaults:3)
  A minotaur (Gauntlet)
  2 deep elf annihilators
  12 dire elephants
  A spark wasp (WizLab)
  2 blizzard demons (WizLab)
  6 merfolk javelineers (Shoals:4)
  2 entropy weavers
  4 crystal guardians
  8 merfolk impalers
  2 fire dragons
  5 yaktaur captains
  A deep elf high priest (Elf:1)
  A rakshasa (D:14)
  4 spriggan air magi (WizLab)
  6 great orbs of eyes
  5 peacekeepers
  3 ironbound frosthearts
  2 death knights
  11 vault guards
  5 hydras
  8 two-headed ogres
  3 alligator snapping turtles
  23 dancing weapons
  4 boulder beetles
  4 merfolk avatars
  9 merfolk aquamancers
  10 centaur warriors
  2 satyrs
  4 death yaks (Lair:5)
  3 shock serpents (WizLab)
  An occultist (Gauntlet)
  5 deep elf knights
  A fire crab (Lair:5)
  8 skysharks
  Lodul (D:11)
  3 skeletal warriors
  11 sea snakes
  32 deep trolls
  12 deep elf archers
  3 death drakes (WizLab)
  7 lindwurms
  9 arcanists
  2 thermic dynamos (Elf:1)
  26 harpies
  18 deep elf zephyrmancers
  2 phantasmal warriors
  10 ironbound convokers
  9 orc knights
  An oklob plant (Gauntlet)
  28 deep elf pyromancers
  An orc sorcerer (Orc:2)
  17 manticores
  12 cyclopes
  3 salamanders (Volcano)
  14 fauns
  11 ugly things
  5 water nymphs
  5 apocalypse crabs (WizLab)
  13 vault sentinels
  7 elephants
  12 merfolk sirens
  5 black mambas
  3 kobold blastminers (Orc:2)
  16 cane toads
  2 torpor snails
  2 molten gargoyles (Lair:5)
  2 gargoyles (D:14)
  An unseen horror (D:12)
  A minotaur zombie (Gauntlet)
  3 kobold demonologists
  4 rime drakes
  9 komodo dragons
  12 yaktaurs
  A yaktaur (shapeshifter) (D:13)
  39 merfolk
  3 polar bears
  12 wind drakes
  3 trolls
  Prince Ribbit (D:5)
  16 snapping turtles
  11 blink frogs
  A jumping spider (Lair:2)
  20 dream sheep
  7 slime creatures
  2 shadows
  15 water elementals
  9 air elementals (WizLab)
  2 vampires
  A human (Lair:4)
  14 fire bats
  6 wraiths
  6 fire elementals
  17 wyverns
  8 steam dragons
  8 basilisks
  3 wargs
  45 yaks
  2 redbacks
  2 two-headed ogre zombies (D:9)
  4 vampire mosquitoes (D:13)
  14 water moccasins
  3 acid dragons
  3 hell hounds (Lair:5)
  38 orc warriors
  5 black bears
  A sky beast (D:7)
  An ice beast (D:7)
  11 ogres
  3 boggarts (Vaults:3)
  11 wolves
  23 centaurs
  5 phantoms
  6 kobold brigands
  10 bullfrogs
  3 gnoll sergeants
  3 earth elementals (Elf:1)
  5 scorpions
  9 wights
  3 troll zombies (D:9)
  6 killer bees
  2 howler monkeys (D:12)
  4 electric eels
  5 lava snakes (Lair:5)
  4 bombardier beetles
  A gnoll bouda (D:9)
  A hound (D:6)
  10 orc priests
  2 sleepcaps
  Terence (D:3)
  2 iguanas
  5 hell rats (Lair:5)
  15 orc wizards
  3 ogre zombies (D:9)
  A boggart simulacrum (D:14)
  24 gnolls
  5 adders
  6 shadow imps
  3 white imps
  2 ufetubi (D:5)
  2 dart slugs
  A ribbon worm (D:3)
  50 orcs
  5 ball pythons
  An endoplasm (D:1)
  4 giant cockroaches
  9 goblins
  9 hobgoblins
  2 jackals (D:3)
  2 quokkas
  2 bats
  2 frilled lizards
  3 gnoll skeletons (D:9)
  3 gnoll zombies (D:9)
  29 kobolds
  2 orc skeletons (D:9)
  17 orc zombies (D:9)
  5 rats
1208 creatures vanquished.

Vanquished Creatures (collateral kills)
  A merfolk impaler (Shoals:4)
  2 hydras
  A steam dragon (Lair:3)
  2 orcs (D:14)
6 creatures vanquished.

Vanquished Creatures (others)
  A merfolk aquamancer (Shoals:4)
  A shock serpent (WizLab)
  A deep elf knight (Elf:2)
  An apocalypse crab (WizLab)
  A wind drake (WizLab)
  2 air elementals (WizLab)
  8 tentacles (Shoals:3)
15 creatures vanquished.

Grand Total: 1229 creatures vanquished

Notes
Turn   | Place    | Note
-------+----------+-------------------------------------------
     0 | D:1      | bananaken the Troll Monk began the quest for the Orb.
     0 | D:1      | Reached XP level 1. HP: 22/22 MP: 0/0
   202 | D:1      | Reached XP level 2. HP: 19/29 MP: 1/1
   455 | D:1      | Found a faded altar of an unknown god.
   804 | D:1      | Reached XP level 3. HP: 36/36 MP: 2/2
  1417 | D:3      | Noticed Terence
  1421 | D:3      | Killed Terence
  1422 | D:3      | Reached skill level 4 in Unarmed Combat
  1472 | D:3      | Reached XP level 4. HP: 44/44 MP: 3/3
  1537 | D:3      | Found a white marble altar of Elyvilon.
  1562 | D:3      | Found a snail-covered altar of Cheibriados.
  1602 | D:3      | Learned a level 2 spell: Lesser Beckoning
  1604 | D:3      | Became a worshipper of Cheibriados the Contemplative
  1604 | D:3      | Reached * piety under Cheibriados
  1604 | D:3      | Reached ** piety under Cheibriados
  2140 | D:3      | Found a shimmering blue altar of Sif Muna.
  2402 | D:4      | Noticed an ogre
  2406 | D:4      | Killed an ogre
  2407 | D:4      | Reached skill level 1 in Invocations
  2407 | D:4      | Reached XP level 5. HP: 53/53 MP: 4/4
  2561 | D:4      | Noticed a black bear
  2566 | D:4      | Killed a black bear
  2567 | D:4      | Reached skill level 5 in Unarmed Combat
  2567 | D:4      | Reached skill level 1 in Translocations
  2567 | D:4      | Reached XP level 6. HP: 53/61 MP: 4/6
  2841 | D:4      | Found a glowing silver altar of Zin.
  3155 | D:5      | Entered Level 5 of the Dungeon
  3292 | D:5      | Reached XP level 7. HP: 67/67 MP: 7/7
  3385 | D:5      | Reached skill level 1 in Evocations
  3495 | D:5      | Noticed Prince Ribbit
  3505 | D:5      | Killed Prince Ribbit
  3506 | D:5      | Reached skill level 6 in Unarmed Combat
  3564 | D:5      | Found a one-way gate to the infinite horrors of the Abyss.
  3590 | D:5      | Found a large runed translucent door.
  3591 | D:5      | Found a large runed translucent door.
  3596 | D:5      | Found a corrupted altar of Lugonu.
  3615 | D:5      | Reached *** piety under Cheibriados
  3625 | D:5      | Reached XP level 8. HP: 51/78 MP: 8/8
  3970 | D:6      | Gained mutation: You sometimes lose your temper in combat.
                  | [potion of mutation]
  3970 | D:6      | Gained mutation: Your muscles are strong. (Str +4, Int/Dex
                  | -1) [potion of mutation]
  3970 | D:6      | Lost mutation: You sometimes lose your temper in combat.
                  | [potion of mutation]
  3970 | D:6      | Gained mutation: You have hidden genetic potential. [potion
                  | of mutation]
  4159 | D:6      | Learned a level 2 spell: Blink
  4299 | D:6      | You fall into a shaft and drop 2 floors!
  4304 | D:8      | Noticed an elephant
  4319 | D:8      | Killed an elephant
  4320 | D:8      | Reached skill level 7 in Unarmed Combat
  4326 | D:8      | Reached XP level 9. HP: 57/85 MP: 10/10
  4421 | D:8      | Reached **** piety under Cheibriados
  4431 | D:8      | Gained mutation: You have an increased reservoir of magic.
                  | (+10% MP) [hidden potential]
  4703 | D:8      | Found an iron altar of Okawaru.
  4806 | D:7      | Found a staircase to the Ecumenical Temple.
  5264 | D:6      | Found a sacrificial altar of Ru.
  5399 | D:7      | Found a hide-covered altar of Uskayaw.
  5412 | D:7      | Reached skill level 5 in Fighting
  5412 | D:7      | Reached skill level 5 in Dodging
  5432 | D:7      | Reached skill level 8 in Unarmed Combat
  5500 | D:7      | Found a bloodstained altar of Trog.
  5546 | D:7      | Reached skill level 1 in Shields
  5873 | D:8      | Found a staircase to the Lair.
  5995 | D:8      | Noticed an orange crystal statue
  6045 | D:9      | Noticed a two-headed ogre
  6056 | D:9      | Killed a two-headed ogre
  6057 | D:9      | Reached XP level 10. HP: 40/96 MP: 13/13
  6188 | D:9      | Gained mutation: You expend magic power (3 MP) to
                  | strengthen your wands. [hidden potential]
  6188 | D:9      | Lost mutation: You have hidden genetic potential. [hidden
                  | potential expressed]
  6236 | D:9      | Found a broken altar of Ashenzari.
  6273 | D:9      | Found a staircase to the Orcish Mines.
  6341 | D:9      | Reached skill level 9 in Unarmed Combat
  6464 | D:9      | Reached ***** piety under Cheibriados
  6482 | D:9      | Reached skill level 5 in Invocations
  6951 | D:10     | Entered Level 10 of the Dungeon
  6953 | D:10     | Noticed a wolf spider
  7010 | D:10     | Noticed a two-headed ogre
  7020 | D:10     | Noticed a two-headed ogre
  7025 | D:10     | Killed a two-headed ogre
  7075 | D:10     | Found a flagged portal.
  7080 | Bailey   | Entered a bailey
  7350 | D:10     | Reached XP level 11. HP: 98/98 MP: 15/19
  7788 | D:10     | Found an ancient bone altar of Kikubaaqudgha.
  8067 | D:11     | Reached skill level 10 in Unarmed Combat
  8131 | D:11     | Noticed Lodul
  8151 | D:11     | Reached XP level 12. HP: 87/114 MP: 20/20
  8157 | D:11     | Killed Lodul
  8223 | D:11     | Noticed a boulder beetle
  8261 | D:11     | Killed a boulder beetle
  8380 | D:11     | Reached skill level 10 in Invocations
  8391 | D:11     | Reached skill level 5 in Translocations
  8424 | D:11     | Noticed a boulder beetle
  8529 | Lair:1   | Entered Level 1 of the Lair of Beasts
  8655 | Lair:1   | Reached skill level 1 in Throwing
  8781 | Lair:1   | Reached skill level 11 in Unarmed Combat
  8983 | Lair:1   | Reached skill level 5 in Shields
  9302 | Lair:2   | Noticed an eight-headed hydra
  9306 | Lair:2   | Killed an eight-headed hydra
  9319 | Lair:2   | Noticed a four-headed hydra
  9333 | Lair:2   | Killed an 11-headed hydra
  9425 | Lair:2   | Found a gate leading to a gauntlet.
  9435 | Gauntlet | Entered a Gauntlet
  9435 | Gauntlet | Found a transporter.
  9435 | Gauntlet | Found a transporter.
  9439 | Gauntlet | Found a transporter.
  9461 | Gauntlet | Found a transporter.
  9471 | Gauntlet | Found a transporter.
  9471 | Gauntlet | Found a transporter.
  9477 | Gauntlet | Found a transporter.
  9506 | Gauntlet | Found a transporter.
  9513 | Gauntlet | Found a transporter.
  9524 | Gauntlet | Found a transporter.
  9531 | Gauntlet | Found a transporter.
  9536 | Gauntlet | Noticed a tengu warrior
  9576 | Gauntlet | Found a transporter.
  9592 | Gauntlet | Found a transporter.
  9684 | Gauntlet | Found a transporter.
  9694 | Gauntlet | Found a transporter.
  9708 | Gauntlet | Found a transporter.
 10042 | Gauntlet | Reached XP level 13. HP: 85/124 MP: 22/22
 10048 | Gauntlet | Reached skill level 12 in Unarmed Combat
 10069 | Gauntlet | Identified the ring of Plog {Str-3 Int+6 Dex+7 Slay+6
                  | Stlth-}
 10077 | Gauntlet | Learned a level 1 spell: Apportation
 10089 | Gauntlet | Identified the amulet of Foolhardiness {Spirit Stlth+}
 10089 | Gauntlet | Noticed a minotaur
 10100 | Gauntlet | Killed a minotaur
 10157 | Gauntlet | Identified the +3 dagger of Wealth {flame, rN+ Int+2 Dex+3}
 10158 | Gauntlet | Got the Codex of Macabre Conflagration
 10162 | Gauntlet | Learned a level 2 spell: Cigotuvi's Dreadful Rot
 10354 | Lair:2   | Found a hole to the Spider Nest.
 10698 | Lair:2   | Reached ****** piety under Cheibriados
 10970 | Lair:3   | Found a staircase to the Shoals.
 11457 | Lair:3   | Reached skill level 13 in Unarmed Combat
 11912 | Lair:4   | Found a runed translucent door.
 11912 | Lair:4   | Found a viscous altar of Jiyva.
 11912 | Lair:4   | Found a staircase to the Slime Pits.
 11913 | Lair:4   | Noticed an azure jelly
 11913 | Lair:4   | Noticed an azure jelly
 12520 | Lair:4   | Found a runed translucent door.
 12756 | Lair:4   | Noticed a tentacled starspawn
 12783 | Lair:5   | Entered Level 5 of the Lair of Beasts
 12856 | Lair:5   | Reached XP level 14. HP: 137/137 MP: 23/23
 13064 | Lair:5   | Reached skill level 14 in Unarmed Combat
 14061 | Lair:5   | Reached skill level 1 in Armour
 14137 | Lair:5   | Found a large runed translucent door.
 14142 | Lair:5   | Found a large runed translucent door.
 14593 | Orc:1    | Entered Level 1 of the Orcish Mines
 14685 | Orc:1    | Found a runed translucent door.
 14691 | Orc:1    | Found the +10 tower shield of Ignorance {rN+ Int-4}
 14697 | Orc:1    | Found a runed translucent door.
 14704 | Orc:1    | Found Asotuc's Assorted Antiques.
 14711 | Orc:1    | Bought a smoking golden ring for 175 gold pieces
 14711 | Orc:1    | Identified the ring of Cageupag {Fly Str+6} (You bought it
                  | in a shop on level 1 of the Orcish Mines)
 15109 | Orc:2    | Entered Level 2 of the Orcish Mines
 15133 | Orc:2    | Noticed Jorgrun
 15137 | Orc:2    | Found a roughly hewn altar of Beogh.
 15153 | Orc:2    | Killed Jorgrun
 15161 | Orc:2    | Reached skill level 15 in Unarmed Combat
 15185 | Orc:2    | Found a staircase to the Elven Halls.
 15195 | Orc:2    | Found a dark tunnel.
 15219 | Volcano  | Entered a volcano
 15543 | Volcano  | Reached XP level 15. HP: 148/148 MP: 25/25
 16002 | Orc:2    | Found Xoyzigg's Assorted Antiques.
 16002 | Orc:2    | Found Ufiezicw's Antique Weapon Shoppe.
 16002 | Orc:2    | Found Oxuunison's Weapon Emporium.
 16005 | Orc:2    | Found Qoasara's Distillery.
 16014 | Orc:2    | Bought a scroll labelled ZOLIRAFUNU for 26 gold pieces
 16015 | Orc:2    | Identified 2 scrolls of acquirement
 16017 | Orc:2    | Acquired 313 gold pieces
 16021 | Orc:2    | Acquired 1134 gold pieces
 16026 | Orc:2    | Bought a lightning rod (4/4) for 1040 gold pieces
 16028 | Orc:2    | Bought a potion of attraction for 39 gold pieces
 16028 | Orc:2    | Bought a potion of lignification for 39 gold pieces
 16028 | Orc:2    | Bought a potion of ambrosia for 104 gold pieces
 16028 | Orc:2    | Bought a potion of mutation for 104 gold pieces
 16028 | Orc:2    | Bought a potion of resistance for 130 gold pieces
 16236 | Orc:2    | Found Ifuedoawon's Assorted Antiques.
 16244 | Orc:2    | Bought a crude brass ring for 170 gold pieces
 16244 | Orc:2    | Identified the ring of Pysef {rElec rPois rCorr} (You
                  | bought it in a shop on level 2 of the Orcish Mines)
 16348 | Elf:1    | Entered Level 1 of the Elven Halls
 16618 | Elf:1    | Found Foelosapp's Weapon Shop.
 16825 | Elf:1    | Learned a level 3 spell: Passwall
 17002 | Elf:1    | Reached skill level 16 in Unarmed Combat
 17010 | Elf:1    | Reached skill level 1 in Earth Magic
 17030 | Elf:1    | Reached skill level 10 in Fighting
 17431 | Elf:2    | Found Bentyilu's Jewellery Boutique.
 17468 | Elf:2    | Bought the amulet of Kinwecli {Regen+ Dex+6} for 892 gold
                  | pieces
 17519 | Elf:2    | Reached skill level 5 in Armour
 17520 | Elf:2    | Reached XP level 16. HP: 156/159 MP: 23/26
 17576 | Elf:2    | Reached skill level 1 in Necromancy
 17639 | Elf:2    | Reached skill level 1 in Alchemy
 17650 | Elf:2    | Reached skill level 1 in Air Magic
 17808 | Elf:2    | Found a runed translucent gate.
 17809 | Elf:2    | Found a runed translucent gate.
 17809 | Elf:2    | Found a runed translucent gate.
 17971 | Elf:3    | Entered Level 3 of the Elven Halls
 18126 | Elf:3    | Identified the +2 robe "Wiybupn" {Fly rF- Int+2 Dex+6}
 18126 | Elf:3    | Noticed Boris
 18135 | Elf:3    | Killed Boris
 18580 | Elf:3    | Found Ceuck's General Store.
 18580 | Elf:3    | Found Exuots's Antique Weapon Emporium.
 18582 | Elf:3    | Found Ale Quem's General Store.
 18583 | Elf:3    | Found Waqeni's Assorted Antiques.
 18589 | Elf:3    | Bought a scroll of teleportation for 87 gold pieces
 18976 | Shoals:1 | Entered Level 1 of the Shoals
 19040 | Shoals:1 | Reached skill level 10 in Shields
 19048 | Shoals:1 | Reached skill level 17 in Unarmed Combat
 19270 | Shoals:1 | Found Dasum's General Store.
 19324 | Shoals:1 | Reached skill level 5 in Throwing
 19427 | Shoals:1 | Found Labydox's General Store.
 19429 | Shoals:1 | Found Sacugg's Specific Store.
 19885 | Shoals:2 | Found a runed translucent gate.
 19885 | Shoals:2 | Found a runed translucent gate.
 19885 | Shoals:2 | Found a runed translucent gate.
 19887 | Shoals:2 | Noticed Leosopp's ghost (adept MDWn)
 20092 | Shoals:2 | Reached XP level 17. HP: 170/170 MP: 27/27
 20448 | Shoals:2 | Gained mutation: Your health recovers twice as slowly from
                  | being drained. [mutagenic glow]
 20453 | Shoals:2 | Identified the +1 cloak of Gravitas {rF+ rCorr Dex+3}
 20465 | Shoals:2 | Gained mutation: You have a pair of small horns on your
                  | head. [mutagenic glow]
 20470 | Shoals:2 | Killed Leosopp's ghost
 20497 | Shoals:2 | Lost mutation: Your muscles are strong. (Str +4, Int/Dex
                  | -1) [mutagenic glow]
 20631 | Shoals:2 | Lost mutation: You expend magic power (3 MP) to strengthen
                  | your wands. [potion of mutation]
 20631 | Shoals:2 | Lost mutation: Your health recovers twice as slowly from
                  | being drained. [potion of mutation]
 20631 | Shoals:2 | Lost mutation: You have a pair of small horns on your head.
                  | [potion of mutation]
 20631 | Shoals:2 | Gained mutation: Armour fits poorly on your strangely
                  | shaped body. [potion of mutation]
 20634 | Shoals:2 | Lost mutation: You have an increased reservoir of magic.
                  | (+10% MP) [potion of mutation]
 20634 | Shoals:2 | Lost mutation: Armour fits poorly on your strangely shaped
                  | body. [potion of mutation]
 20634 | Shoals:2 | Gained mutation: You are clumsy. (Dex -2) [potion of
                  | mutation]
 20634 | Shoals:2 | Lost mutation: You are clumsy. (Dex -2) [potion of
                  | mutation]
 20647 | Shoals:3 | Noticed a kraken
 20664 | Shoals:3 | Killed a kraken
 20691 | Shoals:3 | Noticed a kraken
 20703 | Shoals:3 | Killed a kraken
 20888 | Shoals:3 | Noticed Ilsuiw
 20933 | Shoals:3 | Killed Ilsuiw
 21415 | Shoals:3 | Found Jyunn's Weapon Shoppe.
 21530 | Shoals:4 | Entered Level 4 of the Shoals
 21735 | Shoals:4 | Noticed Mara
 21781 | Shoals:4 | Noticed bananaken's illusion
 21783 | Shoals:4 | Killed Mara
 21887 | Shoals:4 | Identified the +5 hand axe of Peace {flame, Str+2 Dex+2}
 22112 | Shoals:4 | Reached skill level 5 in Necromancy
 22406 | Shoals:4 | Identified the +1 barding "Earthly Heaven" {^Drain rN+
                  | Int+4}
 22482 | Shoals:4 | Identified the ring of Trepidation {rC+ Dex+3}
 22536 | Shoals:4 | Got a barnacled rune of Zot
 22639 | Shoals:4 | Reached XP level 18. HP: 180/180 MP: 26/26
 22696 | Shoals:4 | Identified the staff of Laceration {*Slow rC+++ Earth}
 24579 | D:14     | Reached skill level 18 in Unarmed Combat
 25060 | D:14     | Found an ornate altar of the Wu Jian Council.
 25166 | D:14     | Found a gate to the Vaults.
 25184 | Vaults:1 | Entered Level 1 of the Vaults
 25417 | Vaults:1 | Found Jaineje's Assorted Antiques.
 25425 | Vaults:1 | Bought a scroll of revelation for 270 gold pieces
 25441 | Vaults:1 | Found Feuroan's Antique Weapon Emporium.
 25631 | Vaults:1 | Found Guyl Edu's Assorted Antiques.
 25665 | Vaults:1 | Reached skill level 5 in Earth Magic
 25665 | Vaults:1 | Noticed Zenata
 25688 | Vaults:1 | Killed Zenata
 25883 | Vaults:1 | Got the Handbook of Iniquitous Rites
 25888 | Vaults:1 | Learned a level 3 spell: Frozen Ramparts
 26041 | Vaults:1 | Reached XP level 19. HP: 188/191 MP: 27/27
 26317 | Vaults:2 | Reached skill level 1 in Ice Magic
 26317 | Vaults:2 | Found a staircase to the Crypt.
 26494 | Vaults:2 | Identified the +3 robe of the Spider Nest {MP+9 Str+9
                  | Int-3}
 26494 | Vaults:2 | Noticed Boris
 26511 | Vaults:2 | Killed Boris
 27166 | Vaults:2 | Found Ener's Assorted Antiques.
 27174 | Vaults:2 | Bought a scroll of acquirement for 1040 gold pieces
 27174 | Vaults:2 | Acquired the Compilation of Discontinuous Terrain
 27743 | Vaults:3 | Reached skill level 1 in Stealth
 27800 | Vaults:3 | Found a magical portal.
 27816 | WizLab   | Entered The Chambers of the Cloud Mage
 27923 | WizLab   | Paralysed by an air elemental for 1 turns
 27989 | WizLab   | Paralysed by an air elemental for 1 turns
 28123 | WizLab   | Paralysed by an air elemental for 1 turns
 28129 | WizLab   | Paralysed by an air elemental for 1 turns
 28174 | WizLab   | Noticed Alivuap
 28241 | WizLab   | Paralysed by an air elemental for 1 turns
 28376 | WizLab   | Killed Alivuap the Cloud Mage
 28418 | WizLab   | Got the Quarto of Fog
 29092 | Vaults:3 | Reached XP level 20. HP: 149/202 MP: 28/28
 29109 | Vaults:3 | Reached skill level 19 in Unarmed Combat
 29322 | Vaults:3 | Demolished by an ettin

Illustrated notes

Levels and vault maps discovered:
D:1:      sevenhm_arrival_forest_fort_large_4, layout_basic,
          shapermc_ecumenical_altar_pompeii, nicolae_grassy_gnolls
D:2:      layout_rooms
D:3:      layout_loops_corners, overflow_temple_1_default,
          mainiacjoe_overflow_concentric_impassable,
          lemuel_coloured_pillars_altar, uniq_terence
D:4:      layout_loops_corners, lemuel_crystal_altar
D:5:      due_chaos_kobolds, layout_cave_pools, uniq_prince_ribbit1
D:6:      layout_loops_ring, nicolae_ru_the_path_less_chosen,
          kennysheep_generic_room_15
D:7:      layout_basic, eat_drink_and_be_merry_uskayaw,
          mainiacjoe_overflow_tiny_flanked, minmay_temple_entry_gardened_gates
D:8:      minmay_statue_hallways, layout_basic, okawaru_gym_becter,
          grunt_lair_entry_orc_guard_hut, serial_curves, eino_curves_02,
          eino_curves_03
D:9:      layout_gridville, mainiacjoe_overflow_boulevard, zombieorc2_lemuel
D:10:     layout_rooms, nicolae_overflow_crystal_walls, enter_bailey_3,
          kennysheep_island_fort
D:11:     layout_rooms, uniq_lodul
D:12:     layout_basic, uniq_fannar
D:13:     layout_loops_ring
D:14:     layout_cave_pools, grunt_vaults_entry_fortified,
          nzn_wu_jian_council_hall
Lair:1:   layout_big_grid
Lair:2:   layout_chaotic_city, spider_nest_entry_a, gauntlet_entry_generic
Lair:3:   layout_regular_city, elwin_shoals_entry_stream
Lair:4:   layout_loops_ring, slime_entry_2, pdpol_lair_cabin_in_the_woods
Lair:5:   cheibrodos_lair_end_hotspot, layout_layer_cave
Shoals:1: layout_shoals, serial_shops, nicolae_diamond_shop,
          nicolae_specific_store
Shoals:2: layout_shoals, gammafunk_ghost_tricky_traps,
          nicolae_shoals_lost_giant_temple, shoals_oasis
Shoals:3: layout_shoals, serial_shops, nicolae_shop_real_fake_doors, uniq_ilsuiw
Shoals:4: shoals_end_grunt_ice, layout_shoals, shoals_ilsuiw_ice, uniq_mara
Orc:1:    layout_caves, serial_shops, nicolae_square_shop,
          chequers_guarded_unrand_ignorance
Orc:2:    st_orc_rangers, layout_caves, serial_shops, shop, basic_altar,
          nicolae_volcano_entry_two_sided, uniq_jorgrun
Elf:1:    elf_arrival_002, layout_loops_ring, serial_shops, shop,
          kennysheep_underground_church
Elf:2:    nicolae_elf_blades_crystal_corner, layout_gridlike, serial_shops,
          nicolae_shop_advertising_works [nicolae_subvault_shop_adworks]
Elf:3:    minmay_elf_hall, layout_geoelf_castle, amethyst_killhole,
          minmay_misc_feat_diagonals, nicolae_elf_big_sculpture_3,
          minmay_shop_grid_forest, serial_library_hellmonk_filled_rooms,
          uniq_boris
Vaults:1: ontoclasm_vaults_chip, vaults_dpeg_cross, dpeg_vaults_monster_box,
          ontoclasm_vaults_hangar, nicolae_vaults_heist, v_pattern_4,
          nicolae_vaults_ring_of_whatevers,
          nicolae_vaults_windows_and_doors_thing, vaults_mumra_hex,
          layout_vaults_omnibox, serial_shops, shop_coins, shop,
          nicolae_shop_tiny_statue_garden, uniq_zenata
Vaults:2: nicolae_vaults_disjoint_gnomons, nicolae_vaults_closet_pinwheel_6,
          nicolae_vaults_layer_cake_slice, minmay_crypt_entry_nasty_monster,
          nicolae_vaults_yaktaur_gun_rack, v_misc_19, layout_vaults_quadrants,
          serial_shops, nicolae_square_shop
Vaults:3: infiniplex_enter_wizlab_glasses, nicolae_vaults_thirteen_compartments,
          nicolae_vaults_ring_of_whatevers, v_pattern_1,
          grunt_vaults_hallway_long, nicolae_vaults_trapezoid_3,
          hangedman_vaults_corner, v_rooms_5, nicolae_vaults_what_the_h,
          nicolae_vaults_variable_pillar_hall, v_rooms_4, v_alt_pattern_2,
          nicolae_vaults_apartment_1, layout_vaults_ring

Skill      XL: |  1  2  3  4  5  6  7  8  9 10 11 12 13 14 15 16 17 18 19 20 |
---------------+-------------------------------------------------------------+-----
Unarmed Combat | 4 5 6 7 8 9 10 11 13 15 16 17 18 19 | 19.0
Dodging        | 3 4 5 6 |  6.7
Fighting       | 3 4 5 6 7 8 9 10 11 12 13 | 13.1
Invocations    | 1 2 3 4 9 10 11 12 | 12.0
Translocations | 1 2 3 4 5 6 |  6.2
Evocations     | 1 2 3 4 |  4.0
Shields        | 2 3 4 5 7 8 9 10 11 12 13 | 13.0
Throwing       | 3 5 7 8 |  8.5
Armour         | 3 5 6 |  6.8
Earth Magic    | 2 3 5 |  5.3
Necromancy     | 3 5 6 |  6.6
Alchemy        | 3 4 |  4.6
Air Magic      | 2 4 |  4.2
Ice Magic      | 3 |  3.8
Stealth        | 2 |  2.4

Action                     |  1- 3 |  4- 6 |  7- 9 | 10-12 | 13-15 | 16-18 | 19-21 || total
---------------------------+-------+-------+-------+-------+-------+-------+-------++-------
  Melee: Unarmed           |    51 |    68 |   197 |   487 |   805 |  1258 |   458 ||  3324
         Headbutt          |       |       |       |       |       |     2 |       ||     2
  Throw: Large rock        |       |       |       |     4 |     2 |     2 |    15 ||    23
   Cast: Lesser Beckoning  |       |       |     1 |     6 |    41 |    75 |    14 ||   137
         Blink             |       |       |       |     6 |     2 |     2 |     2 ||    12
         Apportation       |       |       |       |       |     2 |       |       ||     2
 Invoke: Temporal Distorti |       |       |     1 |       |     3 |     2 |     1 ||     7
         Step From Time    |       |       |       |     1 |       |       |       ||     1
         Slouch            |       |       |       |     3 |     9 |    17 |     5 ||    34
         Bend Time         |       |       |       |       |       |       |     1 ||     1
  Evoke: Wand              |       |       |       |     4 |    15 |     5 |       ||    24
         Phantom mirror    |       |       |       |     1 |     2 |     3 |       ||     6
         Phial of floods   |       |       |       |       |     1 |     1 |       ||     2
         Condenser vane    |       |       |       |       |     1 |       |       ||     1
         Lightning rod     |       |       |       |       |       |     4 |       ||     4
    Use: Potion            |       |     1 |     6 |     3 |       |    16 |     5 ||    31
         Scroll            |       |       |     3 |    14 |    12 |     7 |     7 ||    43
   Stab: Sleeping          |       |       |     1 |     4 |       |     1 |     2 ||     8
         Distracted        |       |       |       |     3 |     1 |       |     3 ||     7
         Paralysed         |       |       |       |     7 |     5 |       |       ||    12
         Confused          |       |       |       |       |       |     2 |     2 ||     4
         Invisible         |       |       |       |       |       |       |     5 ||     5
 Armour: Robe              |    28 |    39 |   129 |   266 |       |       |       ||   462
         Skin              |       |       |    15 |       |       |     1 |       ||    16
         Acid dragon scale |       |       |       |     4 |   327 |   445 |     2 ||   778
         Shadow dragon sca |       |       |       |       |       |       |   222 ||   222
  Dodge: Dodged            |    27 |    32 |    92 |   241 |   226 |   325 |    92 ||  1035
  Block: Kite shield       |       |       |    30 |   275 |   306 |       |       ||   611
         Tower shield      |       |       |       |       |   524 |  2205 |   701 ||  3430

Table legend: (Time is in decaauts)
 A = Elapsed time spent in this place.
 B = Non-inter-level travel time spent in this place.
 C = Inter-level travel time spent in this place.
 D = Time resting spent in this place.
 E = Time spent auto-exploring this place.
 F = Levels seen in this place.
 G = Mean time per level.
                   A        B        C        D        E       F      G
               +--------+--------+--------+--------+--------+-----+--------+
         Total |  45797 |  42860 |   2937 |   2233 |  30940 |  35 | 1308.5 |
       Dungeon |  15599 |  14361 |   1238 |    569 |  11292 |  14 | 1114.2 |
          Lair |   9066 |   8360 |    706 |    402 |   6663 |   5 | 1813.2 |
        Shoals |   5709 |   5553 |    156 |    461 |   3395 |   4 | 1427.2 |
  Orcish Mines |   2257 |   2024 |    233 |     31 |   1497 |   2 | 1128.5 |
   Elven Halls |   4024 |   3665 |    359 |    250 |   2619 |   3 | 1341.3 |
        Vaults |   5595 |   5352 |    243 |    232 |   4003 |   3 | 1865.0 |
        Bailey |    406 |    406 |      0 |      0 |    270 |   1 |  406.0 |
       Volcano |    842 |    842 |      0 |      0 |    306 |   1 |  842.0 |
        Wizlab |   1101 |   1101 |      0 |    202 |    372 |   1 | 1101.0 |
      Gauntlet |   1193 |   1193 |      0 |     84 |    520 |   1 | 1193.0 |
               +--------+--------+--------+--------+--------+-----+--------+

Top non-repeatable levels by time:
  Lair:5: 2765 daAuts
Vaults:2: 2430 daAuts
Shoals:4: 1756 daAuts
  Lair:3: 1750 daAuts
  Lair:4: 1650 daAuts
Vaults:1: 1622 daAuts
   Elf:1: 1600 daAuts
     D:9: 1562 daAuts
  Lair:2: 1557 daAuts
Vaults:3: 1542 daAuts
     D:4: 1430 daAuts
Shoals:3: 1420 daAuts
Shoals:2: 1395 daAuts
     D:6: 1346 daAuts
  Lair:1: 1343 daAuts
